Map: Dreamcatcher LE

Players

USAmerica

  • Race: Protoss Protoss
  • League: Platinum
  • Spawn Location: 5:00

산본동아재 - Winner!

  • Race: Zerg Zerg
  • League: Diamond
  • Spawn Location: 11:00

VOD

Have the link to the VOD?

Description

Time

  • Played on: June 1, 2018, 11:01 a.m.
  • Length: 5:59
Show
View Real Time Build Order
Export as new Build Order

USAmerica Protoss 

Build Orders:  

Get SALT Encoding   

  12  0:02  Probe  
  13  0:14  Probe  
  14  0:20  Pylon  
  14  0:26  Probe  
  15  0:38  Probe  
  15  0:40  Forge  
  16  0:50  Probe  
  16  0:54  Pylon  
  17  1:02  Probe  
  18  1:14  Probe, Photon Cannon  
  19  1:23  Gateway  
  19  1:31  Pylon  
  19  1:36  Probe  
  20  1:48  Probe  
  21  1:56  Assimilator  
  21  2:00  Assimilator  
  21  2:09  Probe  
  21  2:14  Cybernetics Core  
  22  2:15  Photon Cannon  
  22  2:23  Probe  
  22  2:29  Photon Cannon  
  22  2:32  Photon Cannon  
  22  2:40  Pylon  
  22  2:53  Stalker  
  22  2:55  Shield Battery  
  24  3:02  Photon Cannon  
  24  3:04  Shield Battery  
  24  3:08  Warp Gate  
  24  3:23  Robotics Facility  
  24  3:42  Gateway x2  
  24  3:47  Adept  
  26  4:13  Immortal  
  30  4:22  Shield Battery  
  30  4:43  Photon Cannon  
  30  4:52  Observer  
  31  4:55  Pylon  
  31  5:06  Immortal  
Show
View Real Time Build Order
Export as new Build Order

산본동아재 Zerg - Winner!

Build Orders: Hatch First 

Get SALT Encoding   

  12  0:01  Drone  
  13  0:12  Overlord  
  13  0:17  Drone  
  14  0:31  Drone  
  14  0:32  Drone  
  14  0:34  Drone  
  17  0:54  Hatchery, Drone  
  17  0:57  Drone  
  18  1:09  Extractor  
  17  1:12  Spawning Pool  
  17  1:18  Drone x2  
  18  1:28  Drone  
  19  1:38  Overlord  
  19  2:00  Queen, Zergling x4  
  23  2:05  Queen  
  23  2:06  Zergling x2  
  26  2:16  Drone  
  26  2:17  Drone  
  28  2:28  Drone x2  
  28  2:29  Metabolic Boost  
  30  2:38  Spine Crawler  
  29  2:49  Drone  
  29  2:50  Drone x3  
  33  2:52  Lair  
  33  2:55  Drone, Extractor  
  33  3:00  Drone  
  34  3:16  Drone  
  34  3:17  Drone  
  34  3:18  Overlord x2  
  36  3:23  Overlord, Extractor  
  35  3:30  Spine Crawler  
  35  3:32  Drone  
  35  3:33  Drone  
  36  3:38  Extractor  
  36  3:39  Zergling x4  
  36  3:40  Zergling x4  
  39  3:56  Nydus Network  
  38  4:10  Spine Crawler  
  38  4:12  Drone  
  38  4:13  Drone x3  
  38  4:14  Hydralisk Den  
  40  4:30  Drone  
  40  4:31  Drone x2  
  43  4:32  Evolution Chamber  
  42  4:43  Hydralisk x3  
  48  4:46  Nydus Canal  
  48  4:50  Hydralisk  
  50  4:59  Hydralisk  
  50  5:00  Spine Crawler  
  50  5:04  Hydralisk  
  53  5:10  Overlord  
  53  5:19  Nydus Canal  
  52  5:23  Drone x2  
  52  5:24  Drone  
  55  5:35  Hydralisk x2  
  57  5:59  Spine Crawler  
Tags
 
Add a new tag
Caveats
  • Supply blocks, unpowered buildings, or Contaminate may cause inaccurate times.
  • Supply counts are checked every 10 seconds.